Map: Ascension to Aiur LE

Players

SamuraiFunn - Winner!

  • Race: Protoss Protoss
  • League: Platinum
  • Spawn Location: 5:00

NastyMan

  • Race: Terran Terran
  • League: Gold
  • Spawn Location: 11:00

VOD

Have the link to the VOD?

Description

Time

  • Played on: Nov. 26, 2017, 3:08 p.m.
  • Length: 24:59
Show
View Real Time Build Order
Export as new Build Order

SamuraiFunn Protoss - Winner!

Build Orders:  

Get SALT Encoding   

  12  0:02  Probe  
  13  0:14  Probe  
  13  0:20  Pylon  
  14  0:27  Probe  
  15  0:39  Probe  
  15  0:41  Gateway  
  16  0:49  Assimilator  
  16  0:51  Probe  
  17  1:03  Probe  
  18  1:17  Probe  
  19  1:29  Probe  
  20  1:37  Zealot  
  20  1:38  Gateway  
  22  1:41  Probe  
  22  1:44  Cybernetics Core  
  23  1:50  Pylon  
  23  1:54  Assimilator  
  23  1:58  Probe  
  23  2:10  Probe  
  24  2:22  Probe, Warp Gate (Chrono Boost)  
  25  2:25  Adept  
  27  2:38  Nexus  
  27  2:40  Probe  
  28  2:54  Pylon  
  28  3:01  Probe  
  29  3:13  Gateway  
  29  3:14  Probe  
  30  3:26  Probe  
  31  3:38  Probe  
  31  3:40  Gateway  
  32  3:50  Probe  
  32  3:54  Probe  
  34  3:59  Assimilator  
  34  4:03  Probe  
  34  4:06  Probe  
  36  4:15  Probe, Pylon, Stalker x2  
  41  4:18  Pylon  
  41  4:25  Robotics Facility, Twilight Council  
  41  4:26  Probe  
  42  4:35  Stalker  
  44  4:46  Stalker  
  44  4:47  Forge  
  44  4:49  Probe x2  
  48  5:01  Probe x2  
  50  5:12  Stalker x3  
  50  5:13  Probe x2  
  58  5:14  Observer  
  59  5:21  Stalker  
  59  5:25  Protoss Ground Weapons Level 1  
  61  5:30  Probe x2  
  63  5:36  Observer  
  63  5:41  Assimilator  
  63  5:42  Probe x2  
  65  5:54  Probe x2  
  55  6:15  Stalker x4  
  55  6:18  Immortal (Chrono Boost)  
  67  6:35  Probe x2  
  69  6:47  Pylon x2  
  69  6:49  Pylon  
  69  6:51  Gateway  
  69  6:52  Gateway  
  69  6:54  Gateway  
  69  7:05  Immortal, Blink (Chrono Boost)  
  73  7:10  Sentry  
  73  7:14  Zealot x3  
  80  7:43  Nexus  
  80  7:46  Immortal  
  80  7:47  Pylon  
  80  7:49  Pylon  
  84  7:52  Pylon  
  83  8:13  Zealot  
  83  8:14  Zealot x2  
  83  8:15  Zealot  
  91  8:26  Zealot  
  93  8:27  Zealot x2  
  97  8:44  Zealot x2  
  97  8:45  Zealot x2  
  97  8:46  Charge  
  105  8:51  Probe x2  
  107  9:01  Pylon  
  107  9:02  Protoss Ground Armor Level 1 (Chrono Boost), Pylon x2  
  107  9:05  Immortal  
  107  9:08  Zealot x2  
  107  9:09  Zealot x2  
  119  9:35  Zealot x3  
  119  9:36  Robotics Facility, Zealot x4  
  133  9:40  Templar Archives  
  133  9:42  Dark Shrine  
  133  9:44  Immortal  
  137  9:54  Probe x2  
  137  9:55  Probe  
  140  10:03  Assimilator  
  140  10:06  Assimilator  
  140  10:23  Observer  
  131  10:33  Probe  
  126  10:45  Probe, Observer  
  126  10:48  Probe x2  
  130  10:57  Probe  
  130  11:00  Probe  
  130  11:03  Probe  
  133  11:06  Observer, Stalker  
  133  11:07  Stalker x2  
  133  11:08  Stalker x2  
  133  11:09  Probe  
  145  11:21  Probe  
  146  11:30  High Templar  
  148  11:47  Pylon  
  148  11:48  Pylon  
  148  11:49  Pylon  
  148  11:51  Probe, Pylon  
  148  11:54  Pylon  
  149  12:05  Probe x2  
  151  12:09  Observer  
  152  12:19  Immortal  
  152  12:22  Zealot x3  
  162  12:23  Zealot  
  164  12:30  Protoss Ground Weapons Level 2, Observer  
  165  12:42  Probe  
  165  12:43  Probe x2  
  168  12:46  Stalker  
  168  12:47  Stalker x4  
  182  12:51  Immortal  
  182  12:55  Probe  
  182  13:24  Probe x2  
  182  13:25  Probe  
  183  13:28  High Templar x3  
  183  13:31  Psionic Storm  
  188  13:54  Pylon  
  186  14:16  Dark Templar x3  
  186  14:17  Dark Templar x2  
  196  14:24  Nexus  
  196  14:26  Pylon x2  
  195  14:45  Protoss Ground Armor Level 2  
  185  15:36  Immortal x2  
  185  15:39  Stalker x2  
  143  16:14  Archon  
  143  16:17  Stalker x5  
  143  16:19  Immortal  
  143  16:20  Immortal  
  117  16:49  Stalker x3  
  117  16:50  Stalker  
  125  17:02  Protoss Shields Level 1  
  125  17:07  Warp Prism x2  
  129  17:18  High Templar x4  
  129  17:19  Stalker  
  139  17:44  Immortal x2  
  145  18:07  Stalker x5  
  155  18:41  Stalker  
  155  18:42  Stalker x4  
  103  20:01  Nexus  
  103  20:05  Pylon  
  103  20:06  Pylon  
  101  20:08  Pylon, Stalker x5  
  111  20:22  Immortal x2  
  119  20:44  Stalker x3  
  119  20:45  Stalker x2  
  102  23:08  Stalker x5  
  110  23:41  Stalker x2  
  112  23:42  Stalker x3  
  120  23:49  Pylon  
  120  23:52  Pylon  
  120  23:55  Pylon  
  120  23:57  Pylon  
  120  24:01  Pylon  
Show
View Real Time Build Order
Export as new Build Order

NastyMan Terran 

Build Orders:  

Get SALT Encoding   

  12  0:09  Supply Depot  
  12  0:13  SCV  
  13  0:25  SCV  
  14  0:34  Barracks  
  14  0:37  SCV  
  16  0:50  SCV  
  16  0:55  Supply Depot  
  16  1:02  SCV  
  17  1:11  Barracks  
  17  1:15  SCV  
  18  1:25  Supply Depot, Marine  
  18  1:28  SCV  
  18  1:32  Refinery  
  20  1:37  Refinery  
  20  1:40  SCV  
  21  1:47  Marine  
  22  2:00  Barracks  
  22  2:01  Marine  
  22  2:05  Marine  
  22  2:07  SCV  
  25  2:19  SCV, Marine  
  27  2:23  Marine  
  28  2:32  SCV  
  29  2:37  Marine  
  29  2:41  Marine  
  31  2:50  Factory  
  31  2:51  Orbital Command  
  31  2:53  Marine  
  32  2:58  Marine  
  32  3:00  Marine  
  34  3:11  Marine  
  35  3:16  SCV, Marine  
  37  3:24  Engineering Bay  
  37  3:29  Marine  
  38  3:37  Supply Depot  
  38  3:56  Marine  
  38  3:57  Missile Turret  
  38  3:58  Marine x2, Cyclone  
  38  4:02  Terran Infantry Weapons Level 1  
  44  4:11  Starport  
  44  4:15  Marine  
  45  4:27  Missile Turret  
  45  4:29  Supply Depot  
  45  4:33  Marine x2  
  47  4:45  Cyclone  
  50  4:46  Marine  
  51  4:53  Missile Turret  
  51  4:54  Medivac  
  51  4:56  Missile Turret  
  51  4:58  Marine  
  51  4:59  Marine  
  55  5:06  Marine  
  56  5:16  Marine, Missile Turret  
  56  5:17  Marine  
  58  5:23  Marine  
  59  5:34  Marine, Cyclone  
  63  5:39  Starport Tech Lab  
  63  6:06  Marine x2  
  62  6:24  Command Center  
  62  6:33  Factory Tech Lab  
  62  6:34  Marine  
  63  6:41  Marine x2, Terran Infantry Armor Level 1, Banshee  
  68  7:04  Siege Tank  
  71  7:16  Missile Turret  
  71  7:19  Armory  
  71  7:36  Marine x3  
  74  7:38  SCV  
  74  7:39  Missile Turret  
  75  7:47  Siege Tank  
  75  7:50  SCV  
  79  7:54  Marine x3  
  79  7:56  Banshee  
  85  7:59  Bunker  
  85  8:03  SCV  
  86  8:19  Terran Vehicle And Ship Armor Level 1  
  86  8:34  Missile Turret  
  86  8:43  Barracks Reactor  
  86  8:52  Widow Mine  
  86  8:53  SCV, Marine x2, Banshee  
  94  8:56  Missile Turret  
  94  9:11  Missile Turret  
  94  9:12  Command Center, Missile Turret  
  94  9:13  Missile Turret  
  94  9:17  Bunker  
  94  9:39  Sensor Tower  
  94  10:23  SCV, Marine x4, Siege Tank, Banshee  
  105  10:35  SCV  
  105  10:41  Marine x4  
  103  10:47  SCV  
  104  10:52  Orbital Command  
  104  10:59  Marine x4  
  107  11:11  Refinery  
  107  11:12  Siege Tank  
  107  11:16  Refinery, Banshee  
  108  11:24  Supply Depot  
  108  11:25  Supply Depot  
  108  11:37  Command Center  
  108  11:49  Supply Depot x2  
  108  11:53  Barracks Tech Lab  
  108  11:54  Marine x2  
  108  11:55  Marine  
  108  11:56  Terran Vehicle And Ship Armor Level 2  
  111  12:03  Banshee  
  114  12:16  Planetary Fortress  
  114  12:30  Refinery  
  114  12:34  Refinery  
  114  12:37  Missile Turret  
  114  12:53  Command Center  
  114  12:56  Thor  
  114  12:58  Missile Turret  
  120  12:59  Barracks Reactor  
  120  13:00  Combat Shields  
  120  13:02  Marine x3  
  123  13:20  Marine x3  
  126  13:35  Sensor Tower  
  126  13:37  Marine  
  127  13:42  Marine x2  
  127  13:43  Marine  
  127  13:44  Thor  
  127  13:46  Viking  
  127  13:47  Marine  
  139  13:55  Marine  
  139  14:00  Marine x2  
  142  14:12  Marine x2  
  142  14:13  Marine  
  142  14:16  Banshee  
  148  14:18  Marine  
  149  14:36  Planetary Fortress  
  149  14:38  Planetary Fortress  
  145  15:16  Fusion Core  
  129  15:25  Marine  
  129  15:26  Marine x4  
  129  15:27  Thor  
  140  15:29  Banshee  
  143  15:43  Marine x5  
  143  15:45  Starport  
  142  16:01  Marine x4  
  113  16:24  Starport  
  100  16:44  Siege Tank  
  100  16:45  Marine x3  
  100  16:46  Marine x2  
  108  16:48  Starport Tech Lab  
  108  16:50  Battlecruiser  
  108  16:52  Building Armor  
  114  16:55  Terran Ship Weapons Level 1  
  114  17:03  Marine x2  
  116  17:16  Siege Tank  
  119  17:34  Weapon Refit  
  119  17:38  Bunker  
  108  18:09  Command Center  
  102  18:32  Marine x4  
  106  18:35  Starport Tech Lab, Battlecruiser  
  106  18:38  Banshee  
  115  19:13  Terran Ship Weapons Level 2  
  112  19:25  Command Center  
  57  20:38  Missile Turret, Orbital Command  
  57  20:39  Banshee x3  
  57  20:41  Marine  
Tags
 
Add a new tag
Caveats
  • Supply blocks, unpowered buildings, or Contaminate may cause inaccurate times.
  • Supply counts are checked every 10 seconds.